 Dungeon Crawl Stone Soup version 0.18.1-2-ga659475 (webtiles) character file.

997 M4edhros the Covert (level 8, -4/48 HPs)
             Began as an Octopode Artificer on May 8, 2016.
             Slain by a wasp (12 damage)
             ... while paralysed by a wasp
             ... on level 5 of the Dungeon.
             The game lasted 00:05:35 (3734 turns).

M4edhros the Covert (Octopode Artificer)            Turns: 3734, Time: 00:05:36

Health: -4/48      AC:  1    Str: 11    XL:     8   Next: 19%
Magic:  10/10      EV:  2    Int: 14    God:
Gold:   68         SH:  0    Dex: 14    Spells: 0 memorised, 7 levels left

rFire  . . .     SeeInvis .     m - +3 short sword (freeze)
rCold  . . .     Gourm    .     (no shield)
rNeg   . . .     Faith    .     (helmet restricted)
rPois  .         Spirit   .     (no amulet)
rElec  .         Dismiss  .     (no ring)
rCorr  .         Reflect  .     (no ring)
SustAt .         Harm     .     (no ring)
MR     .....                    (no ring)
Stlth  +++++++...               (no ring)
                                (no ring)
                                (no ring)
                                (no ring)

@: paralysed, lethally poisoned (-4 -> -7), very slightly contaminated, not
resistant to hostile enchantments, extremely stealthy
A: almost no armour, amphibious, 8 rings, constrict 8, camouflage 1, gelatinous
body 1
a: no special abilities


You were on level 5 of the Dungeon.
You were not hungry.

You visited 1 branch of the dungeon, and saw 5 of its levels.

You collected 68 gold pieces.

Inventory:

Hand Weapons
 a - a +0 short sword
 e - a +0 dagger of venom
 m - a +3 short sword of freezing (weapon)
Wands
 b - a wand of flame (11/48)
 c - a wand of enslavement (0/24)
 d - a wand of random effects (0/48)
Scrolls
 g - a scroll of fear {unknown}
 j - a scroll of blinking {unknown}
 k - 2 scrolls of random uselessness {unknown}
 o - a scroll of enchant weapon {unknown}
 p - a scroll of remove curse {unknown}
 s - 2 scrolls of teleportation {unknown}
 w - a scroll of immolation {unknown}
 x - a scroll of magic mapping {unknown}
Potions
 l - a potion of cure mutation
 n - a potion of brilliance
 t - 2 potions of flight
 u - a potion of agility
Comestibles
 f - 5 bread rations
 i - 3 chunks of flesh
 q - a slice of pizza
 r - 2 meat rations
 A - a royal jelly
 B - a beef jerky


   Skills:
 - Level 1.0 Fighting
 - Level 1.0 Short Blades
 - Level 2.0 Dodging
 + Level 12.7 Stealth
 - Level 3.2 Evocations


You had 7 spell levels left.
You didn't know any spells.

Dungeon Overview and Level Annotations

Branches:
Dungeon (5/15)
 Temple: D:4-7

Altars:
Ashenzari
Cheibriados
Elyvilon
Pakellas
Sif Muna


Innate Abilities, Weirdness & Mutations

You cannot wear most types of armour.
You are amphibious.
You can wear up to eight rings at the same time.
You can use your tentacles to constrict eight enemies at once.
Your skin changes colour to match your surroundings (Stealth).
Your rubbery body absorbs attacks (AC +1).


Message History

You hit the gnoll sergeant. You freeze the gnoll sergeant.
You squeeze the gnoll sergeant.
The gnoll sergeant is almost dead.
You constrict the gnoll sergeant. The gnoll hits you!
The gnoll sergeant hits you with a trident!
* * * LOW HITPOINT WARNING * * *
You hit the gnoll sergeant. You freeze the gnoll sergeant.
You kill the gnoll sergeant!
The gnoll hits you.
* * * LOW HITPOINT WARNING * * *
The gnoll misses you.
You see here a worker ant corpse.
Found 13 gold pieces.
You feel a little less agile now.
You start to feel less resistant.
Your resistance to elements expires.
The wasp stings you.
* * * LOW HITPOINT WARNING * * *
You are poisoned.
You suddenly lose the ability to move!
The wasp stings you!
You die...

#..###.###..# #.....#
##.## ####..## #..###
####..g.###.>..# .
.......)....g#.# .#
.......#)####.g.# ...
..######.# ##..######....
# #.#####.g........#
########.......@.#.....##
#..............y.#?#####
#......#...........#
#......#.######..#### ..
########..### #.....###
.. ##...###..##..... #.
###..##.....#.#.## #.#
#.........>## .....###.#
#........#...# ........#


You could see a wasp and 3 gnolls.

Vanquished Creatures
  Prince Ribbit (D:5)
  2 phantoms
  2 ogres
  A gnoll sergeant (D:5)
  The ghost of pipel the Chopper, a weakling MiGl (D:4)
  A crimson imp (D:5)
  4 orc wizards
  An orc priest (D:4)
  A giant frog skeleton (D:4)
  Ijyb (D:2)
  An iguana (D:4)
  A worker ant (D:5)
  A hound skeleton (D:4)
  7 adders
  An adder skeleton (D:4)
  2 dart slugs (D:1)
  2 giant geckos
  3 orcs (D:4)
  A ball python (D:2)
  4 giant cockroaches
  6 goblins
  4 hobgoblins
  4 jackals (D:4)
  3 bats
  2 giant newts
  A jackal skeleton (D:4)
  5 kobolds
  2 rats
65 creatures vanquished.

Vanquished Creatures (collateral kills)
  A worker ant (D:5)
  A giant gecko (D:5)
  3 orcs (D:4)
  A quokka skeleton (D:5)
6 creatures vanquished.

Grand Total: 71 creatures vanquished

Notes
Turn   | Place    | Note
--------------------------------------------------------------
     0 | D:1      | M4edhros the Octopode Artificer began the quest for the Orb.
     0 | D:1      | Reached XP level 1. HP: 13/13 MP: 3/3
    85 | D:1      | Reached skill level 2 in Stealth
   204 | D:1      | Reached XP level 2. HP: 18/18 MP: 4/4
   237 | D:1      | Reached skill level 3 in Stealth
   986 | D:2      | Reached skill level 4 in Stealth
  1058 | D:2      | Reached XP level 3. HP: 18/23 MP: 5/5
  1119 | D:2      | Found a shattered altar of Ashenzari.
  1123 | D:2      | Reached skill level 5 in Stealth
  1149 | D:2      | Found an oddly glowing altar of Pakellas.
  1303 | D:2      | Reached XP level 4. HP: 22/28 MP: 6/6
  1390 | D:2      | Noticed Ijyb
  1397 | D:2      | Killed Ijyb
  1404 | D:2      | Reached skill level 6 in Stealth
  1673 | D:4      | Reached skill level 7 in Stealth
  1673 | D:4      | Reached XP level 5. HP: 17/33 MP: 7/7
  1685 | D:4      | Noticed a phantom
  1693 | D:4      | Noticed pipel's ghost (weakling MiGl)
  1701 | D:4      | Killed pipel's ghost
  1725 | D:4      | Reached skill level 8 in Stealth
  1725 | D:4      | Reached XP level 6. HP: 18/38 MP: 8/8
  1734 | D:4      | Killed a phantom
  1734 | D:4      | Reached skill level 9 in Stealth
  1736 | D:4      | HP: 1/38 [orc wizard/magic dart (6)]
  2092 | D:4      | Found a deep blue altar of Sif Muna.
  2440 | D:4      | Reached skill level 10 in Stealth
  2440 | D:4      | Reached XP level 7. HP: 42/43 MP: 9/9
  3237 | D:4      | Found a white marble altar of Elyvilon.
  3298 | D:5      | Entered Level 5 of the Dungeon
  3394 | D:5      | Reached skill level 11 in Stealth
  3395 | D:5      | Found a snail-covered altar of Cheibriados.
  3658 | D:5      | Noticed Prince Ribbit
  3711 | D:5      | Killed Prince Ribbit
  3711 | D:5      | Reached skill level 12 in Stealth
  3711 | D:5      | Reached XP level 8. HP: 44/48 MP: 10/10
  3734 | D:5      | Paralysed by a wasp for 1 turns
  3734 | D:5      | Slain by a wasp

Skill      XL: |  1  2  3  4  5  6  7 |
---------------+----------------------+-----
Stealth        | 2 4 5 7 8 10 12 | 12.7
Fighting       | |  1.0
Short Blades   | |  1.0
Dodging        | |  2.0
Evocations     | |  3.2

Action                   |  1- 3 |  4- 6 |  7- 9 || total
-------------------------+-------+-------+-------++-------
Melee: Short sword       |    43 |    42 |    47 ||   132
       Constrict         |    11 |    11 |     7 ||    29
       Tentacles         |     5 |     7 |     6 ||    18
       Unarmed           |       |       |     4 ||     4
Evoke: Wand              |       |    22 |    12 ||    34
  Use: Potion            |       |     8 |     5 ||    13
 Stab: Sleeping          |     9 |     4 |     6 ||    19
       Paralysed         |       |     4 |       ||     4
       Distracted        |       |     2 |       ||     2
  Eat: Chunk             |     1 |     2 |     1 ||     4
       Meat ration       |       |       |     1 ||     1
Armor: Skin              |     3 |     2 |     9 ||    14
Dodge: Dodged            |    29 |    35 |    23 ||    87
